 Dungeon Crawl Stone Soup version 0.15.2 (webtiles) character file.

42 Huymann the Magician (level 3, -5/19 HPs)
             Began as a Deep Elf Fire Elementalist on Mar 21, 2015.
             Killed from afar by Terence (6 damage)
             ... with a wand of magic darts
             ... on Level 2 of the Dungeon.
             The game lasted 00:06:35 (1420 turns).

Huymann the Magician (Deep Elf Fire Elementalist)   Turns: 1420, Time: 00:06:36

HP  -5/19        AC  3     Str  6      XL: 3   Next: 35%
MP   6/11        EV 13     Int 19      God:
Gold 18          SH  0     Dex 15      Spells:  2 memorised,  5 levels left

rFire  . . .     SeeInvis .     d - +0 dagger
rCold  . . .     Clarity  .     a - +0 robe
rNeg   . . .     rCorr    .     (no shield)
rPois  .         rRot     .     (no helmet)
rElec  .         Spirit   .     (no cloak)
SustAb .         Warding  .     l - +0 pair of gloves
rMut   .         Stasis   .     (no boots)
Gourm  +                        g - amulet of the gourmand
MR     .....                    (no ring)
                                (no ring)

@: not resistant to hostile enchantments, unstealthy
A: no striking features
a: no special abilities


You were on level 2 of the Dungeon.
You were not hungry.

You visited 1 branch of the dungeon, and saw 2 of its levels.

You collected 18 gold pieces.

Inventory:

Hand weapons
 d - a +0 dagger (weapon)
Armour
 a - a +0 robe (worn)
 l - a +0 pair of gloves (worn)
Comestibles
 c - a bread ration
 j - a chunk of hobgoblin flesh
Scrolls
 e - 2 scrolls of noise
 f - a scroll of enchant weapon {unknown}
 i - a scroll of fear {unknown}
 n - a scroll of fog {unknown}
Jewellery
 g - an amulet of the gourmand (around neck)
 o - an uncursed ring of teleport control
Potions
 h - a potion of curing
 k - a potion of degeneration {unknown}
 m - a potion of brilliance {unknown}
Books
 b - a book of Flames

   Spells                             Type                      Level
   *Flame Tongue                      Conjuration/Fire             1
   Throw Flame                        Conjuration/Fire             2
   *Conjure Flame                     Conjuration/Fire             3
   Inner Flame                        Hexes/Fire                   3
   Sticky Flame                       Conjuration/Fire             4
   Fireball                           Conjuration/Fire             5


   Skills:
 * Level 2.8 Dodging
 * Level 2.9 Stealth
 * Level 3.8 Spellcasting
 * Level 1.5 Conjurations
 + Level 3.7 Fire Magic


You had 5 spell levels left.
You knew the following spells:

 Your Spells              Type           Power        Failure   Level  Hunger
a - Flame Tongue          Conj/Fire      ##...        6%          1    None
b - Conjure Flame         Conj/Fire      ##......     14%         3    ###....


Dungeon Overview and Level Annotations

Branches:
Dungeon (2/15)

Altars:
Nemelex Xobeh

Annotations:
D:2 Terence


Message History

The fire roars!
Terence zaps a wand.
The magic dart hits you!
Ouch! That really hurt!
Casting: Conjure Flame
Confirm with . or Enter, or press ? or * to list all spells.
Aiming: Flame Tongue
Press: ? - help, Shift-Dir - straight line, f - Terence
Aim: Terence, wielding a glowing trident, wearing a scale mail and carrying a wand of magic darts {zapped: 2} The flame tongue hits Terence.
Terence is moderately wounded.
Terence zaps a wand.
The magic dart hits you!
* * * LOW HITPOINT WARNING * * *
Casting: Flame Tongue
Confirm with . or Enter, or press ? or * to list all spells.
Aiming: Flame Tongue
Press: ? - help, Shift-Dir - straight line, f/p - Terence
Aim: Terence, wielding a glowing trident, wearing a scale mail and carrying a wand of magic darts {zapped: 3} (moderately wounded)
The flame tongue hits Terence.
Terence appears unharmed.
Terence is moderately wounded.
Terence zaps a wand.
The magic dart hits you!
You die...

#### ## ...# .### ...# ...
...################.#.#####
..>.............@.ยง@.......
#.#################.#.#####
#.# .# #.# .# #.# .# #.# .#
#.# #### @# #.# #..# .#
#.###..## .


You could see Terence.

Vanquished Creatures
  An adder (D:2)
  A giant mite (D:1)
  A worm (D:2)
  2 giant geckos (D:1)
  A ball python (D:1)
  3 goblins (D:1)
  2 hobgoblins (D:2)
  A kobold (D:1)
  A bat (D:1)
  3 giant newts (D:1)
  3 rats (D:1)
19 creatures vanquished.

Notes
Turn   | Place    | Note
--------------------------------------------------------------
     0 | D:1      | Huymann, the Deep Elf Fire Elementalist, began the quest for the Orb.
     0 | D:1      | Reached XP level 1. HP: 10/10 MP: 5/5
   479 | D:1      | Reached XP level 2. HP: 15/15 MP: 3/8
   541 | D:1      | Found a sparkling altar of Nemelex Xobeh.
  1095 | D:2      | Reached XP level 3. HP: 7/19 MP: 2/11
  1410 | D:2      | Noticed Terence
  1416 | D:2      | Learned a level 3 spell: Conjure Flame
  1420 | D:2      | Killed from afar by Terence

Action                   || total
-------------------------++-------
Melee: Dagger            ||     8
 Cast: Flame Tongue      ||    33
       Conjure Flame     ||     1
  Use: Scroll            ||     4
 Stab: Sleeping          ||     1
  Eat: Chunk             ||     1
